 Dungeon Crawl Stone Soup version 0.30-a0-1112-gfb780f5df6 (webtiles) character file.

Game seed: 948102417221994390

3574 ytrimaz the Protected (level 9, -5/70 HPs)
             Began as a Minotaur Fighter on Apr 19, 2023.
             Was a Believer of Cheibriados.
             Slain by a sixfirhy (11 damage)
             ... summoned by an orc high priest
             ... in a bailey.
             The game lasted 00:08:15 (6180 turns).

ytrimaz the Protected (Minotaur Fighter)            Turns: 6180, Time: 00:08:15

Health: -5/70      AC: 19    Str: 31    XL:     9   Next: 84%
Magic:  2/8        EV:  8    Int: 11    God:    Cheibriados [**....]
Gold:   90         SH:  0    Dex: 22    Spells: 8/8 levels left

rFire   + . .      SeeInvis .    k - +0 scythe
rCold   . . .      Faith    .    (shield currently unavailable)
rNeg    . . .      Spirit   .    r - +2 plate armour {rF+}
rPois   .          Reflect  .    (helmet restricted)
rElec   .          Rampage  .    (no cloak)
rCorr   .                        w - +0 pair of gloves
Will    .....                    (no boots) Stlth
                                 o - amulet of the acrobat
HPRegen 0.31/turn                g - +4 ring of slaying
MPRegen 0.11/turn                h - +6 ring of dexterity

@: very slow
A: horns 2, retaliatory headbutt
a: Renounce Religion, Bend Time


You were in a bailey.
You worshipped Cheibriados.
Cheibriados was pleased with you.
You visited 2 branches of the dungeon, and saw 8 of its levels.
You also visited: Sewer and Bailey.

You collected 942 gold pieces.
You spent 852 gold pieces at shops.


Innate Abilities, Weirdness & Mutations

You have a pair of horns on your head.
You reflexively headbutt those who attack you in melee.


   Skills:
 - Level 3.6 Fighting
 + Level 12.1 Polearms
 + Level 12.4 Armour
 - Level 3.6 Shields


You had 8 spell levels left.
You didn't know any spells.
Your spell library contained the following spells:

 Spells                   Type           Power      Damage    Failure   Level
 Lesser Beckoning         Tloc           0%         N/A       97%         2
 Gell's Gravitas          Tloc           0%         N/A       99%         3
 Ozocubu's Armour         Ice            0%         N/A       99%         3
 Teleport Other           Tloc           0%         N/A       99%         3
 Ozocubu's Refrigeration  Ice            0%         4d7       100%        7

Inventory:

Hand Weapons
 a - a +0 trident
 j - a +0 bardiche
   (You bought it in a shop on level 3 of the Dungeon)
 k - a +0 scythe (weapon)
   (You took it off Sigmund on level 2 of the Dungeon)
 n - a +4 glaive of venom
   (You bought it in a shop on level 3 of the Dungeon)
Armour
 r - a +2 plate armour of fire resistance (worn)
   (You took it off an orc warrior on level 5 of the Dungeon)
 w - a +0 pair of gloves (worn)
   (You found it on level 4 of the Dungeon)
Jewellery
 g - a +4 ring of slaying (left hand)
   (You found it on level 1 of the Dungeon)
 h - a +6 ring of dexterity (right hand)
   (You found it on level 1 of the Dungeon)
 o - an amulet of the acrobat (around neck)
   (You found it on level 3 of the Dungeon)
Wands
 y - a wand of mindburst (12) (quivered)
   (You found it on level 6 of the Dungeon)
Scrolls
 b - a scroll of acquirement
 q - 4 scrolls of teleportation
 t - a scroll of fog
 C - a scroll of enchant armour
Potions
 d - 3 potions of might
 e - 2 potions of flight
 f - 3 potions of curing
 i - 4 potions of heal wounds
 l - a potion of berserk rage
 m - 5 potions of resistance
 p - 6 potions of cancellation
 u - 2 potions of invisibility
 x - a potion of attraction
 z - a potion of magic
 A - a potion of lignification
 B - a potion of mutation {unknown}

Dungeon Overview and Level Annotations

Branches:
Dungeon (7/15) Zot: 40365  Temple (1/1) D:4 Zot: 8693   Sewer (visited)
 Bailey (1/1) Zot: 8640

Altars:
Ashenzari
Cheibriados
Dithmenos
Elyvilon
Fedhas
Gozag
Hepliaklqana
Kikubaaqudgha
Makhleb
Nemelex Xobeh
Okawaru
Qazlal
Ru
Trog
Uskayaw
Vehumet
Wu Jian
Xom
Yredelemnul
Zin
The Shining One

Shops:
D:3 (   D:6 !(?

Annotations:
D:3 1 runed translucent door, Crazy Yiuf

#≈≈≈≈≈~.#[[# #..
#≈≈≈≈≈~.#o.# ###
#≈3≈≈≈~.########
#.
#≈≈≈≈≈~.#..8.8..
#.
#≈≈≈≈≈~∩o)...o..
#.
#≈≈≈≈≈~.#).8.8..
#.
#≈≈≈≈≈~.########
#. #≈≈≈≈≈~3#..#
## #≈≈≈≈≈~@#..#
#≈≈≈≈≈~.#..'.#
#≈≈≈≈≈#.######
#≈≈≈≈≈#..
#≈≈≈≈≈#..
#≈≈≈≈≈#+#. #≈≈≈≈
. #≈≈≈ ##


You could see an orc high priest, a sixfirhy (summoned) and a ynoxinul
(summoned).


Message History

The orc hits you but does no damage. 😕 HP[-2]
You take 2 damage, and now have 65/70 hp.
You hit the orc warrior but do no damage.
The orc hits you but does no damage. The orc warrior barely misses you.
You furiously retaliate!
You headbutt the orc warrior!
You kill the orc warrior!
Cheibriados appreciates the change of pace.
Unknown command.
You barely miss the orc. You headbutt the orc!
The sixfirhy hits you but does no damage.
The sixfirhy hits you! The sixfirhy shocks you!
The orc hits you but does no damage.
The orc high priest calls upon Beogh to heal the orc.
The orc's wounds heal themselves!
The sixfirhy barely misses you.
You hear a shout! 😮 HP[-16]
You take 16 damage, and now have 49/70 hp.
MASSIVE DAMAGE!! (PAUSE)
You impale the orc!!
You kill the orc!
Cheibriados thoroughly appreciates the change of pace.
The sixfirhy hits you but does no damage. x2 😮 HP[+1] Unknown command.
The sixfirhy barely misses you. The sixfirhy completely misses you.
You furiously retaliate!
You headbutt the sixfirhy! 😮 HP[+1]
You barely miss the sixfirhy. Your headbutt misses the sixfirhy.
The sixfirhy hits you! The sixfirhy shocks you!
* * * LOW HITPOINT WARNING * * *
The sixfirhy hits you but does no damage. x2
The sixfirhy hits you.
* * * LOW HITPOINT WARNING * * *
The sixfirhy shocks you!
* * * LOW HITPOINT WARNING * * *
The orc high priest prays to Beogh. 😨 HP[-32]
You take 32 damage, and now have 19/70 hp.
MASSIVE DAMAGE!! (PAUSE)
You miss the sixfirhy.
Unknown command.
You feel much better. 😮 HP[+24]
You regained 24 hp, and now have 43/70 hp.
Okay, then.
Unknown command.
As you read the scroll of fear, it crumbles to dust.
You assume a fearsome visage.
The sixfirhy looks frightened!
The ynoxinul looks frightened!
The smoke demon resists with almost no effort.
The orc high priest looks frightened!
Unknown command.
You hit the smoke demon.
The smoke demon hits you but does no damage.
The smoke demon hits you.
The smoke demon hits you but does no damage. 😮 HP[-3]
You take 3 damage, and now have 40/70 hp.
You slash the smoke demon! The smoke demon barely misses you. x2
The smoke demon hits you but does no damage.
You closely miss the smoke demon. Your headbutt misses the smoke demon.
The smoke demon hits you but does no damage.
The smoke demon barely misses you.
The smoke demon hits you but does no damage. 😮 HP[+1] Unknown command.
You slash the smoke demon! The smoke demon hits you.
The smoke demon hits you but does no damage. x2 😮 HP[-3]
You take 3 damage, and now have 38/70 hp.
You slash the smoke demon!
You kill the smoke demon!
The smoke demon disappears in a puff of smoke!
The orc high priest seems to regain its courage.
The orc high priest invokes the aid of Beogh against you.
Beogh smites you!
* * * LOW HITPOINT WARNING * * *
😨 HP[-13]
You take 13 damage, and now have 25/70 hp. 😨 HP[+1]
The ynoxinul gestures.
The flow of time bends around you.
The sixfirhy seems to regain its courage.
The sixfirhy hits you but does no damage. x2
The sixfirhy hits you.
* * * LOW HITPOINT WARNING * * *
The sixfirhy shocks you!
* * * LOW HITPOINT WARNING * * *
The ynoxinul gestures.
The sixfirhy hits you but does no damage. 😱 HP[-17] MP[-3]
You take 17 damage, and now have 9/70 hp.
MASSIVE DAMAGE!! (PAUSE)
You lost 3 mp, and now have 5/8 mp.
The flow of time bends around you.
The sixfirhy resists with some effort.
The sixfirhy hits you.
* * * LOW HITPOINT WARNING * * *
The sixfirhy shocks you!
You die...

Skill      XL: |  1  2  3  4  5  6  7  8  9 |
---------------+----------------------------+-----
Polearms       | 3 5 6 8 10 12 | 12.1
Armour         | 4 5 6 7 8 11 12 | 12.4
Fighting       | |  3.6
Shields        | |  3.6

Action                     |  1- 3 |  4- 6 |  7- 9 || total
---------------------------+-------+-------+-------++-------
  Melee: Trident           |    51 |     9 |       ||    60
         Headbutt          |     7 |    15 |    29 ||    51
         Punch             |     1 |       |       ||     1
         Halberd           |       |   101 |   218 ||   319
 Invoke: Bend Time         |       |       |     2 ||     2
  Evoke: Wand              |       |       |     1 ||     1
    Use: Scroll            |     4 |     2 |    15 ||    21
         Potion            |       |       |     1 ||     1
 Armour: Scale mail        |    16 |    45 |    26 ||    87
         Plate armour      |       |       |    59 ||    59
  Dodge: Dodged            |    22 |    40 |    86 ||   148

Levels and vault maps discovered:
D:1:      matt_arrival_refuge, layout_loops_ring
D:2:      layout_basic, uniq_sigmund
D:3:      layout_rooms, serial_shops, nicolae_shop_overgrown_old_shop,
          shapermc_ecumenical_altar_acropolis, portal_sewer_entry_e,
          uniq_crazy_yiuf_cottage
D:4:      layout_rooms, minmay_temple_entry_enclosed_plants
D:5:      layout_loops_ring, grunt_decor_resistance
D:6:      layout_loops_corners, nicolae_overflow_crystal_walls,
          minmay_shop_grid_forest, dk_vineyard_1, uniq_prince_ribbit1
D:7:      layout_loops_ring, enter_bailey_3, minmay_misc_feat_plants,
          st_stairs_8
Temple:   nicolae_temple_bog_church
Bailey:   bailey_axe_of_yendor_kennysheep, bailey

Notes
Turn   | Place    | Note
-------+----------+-------------------------------------------
     0 | D:1      | ytrimaz the Minotaur Fighter began the quest for the Orb.
     0 | D:1      | Reached XP level 1. HP: 19/19 MP: 0/0
     0 | D:1      | magus.rc [v1.9.6]
   190 | D:1      | You pick up a book of Displacement and begin reading...
   190 | D:1      | You add the spells Lesser Beckoning, Gell's Gravitas and
                  | Teleport Other to your library.
   234 | D:1      | Reached skill level 3 in Polearms
   234 | D:1      | Reached skill level 4 in Armour
   234 | D:1      | Reached XP level 2. HP: 26/26 MP: 1/1
   740 | D:2      | Reached XP level 3. HP: 31/31 MP: 2/2
   848 | D:2      | You add the spells Ozocubu's Armour and Ozocubu's
                  | Refrigeration to your library.
   920 | D:2      | Noticed Sigmund
   927 | D:2      | Killed Sigmund
   928 | D:2      | Reached skill level 5 in Polearms
   928 | D:2      | Reached skill level 5 in Armour
   928 | D:2      | Reached XP level 4. HP: 17/39 MP: 3/3
   928 | D:2      | Reached XP level 5. HP: 20/45 MP: 4/4
  1128 | D:2      | Reached skill level 6 in Armour
  1472 | D:3      | Found Juosag's Antique Weapon Emporium.
  1486 | D:3      | Identified a scroll of acquirement
  1559 | D:3      | Acquired 661 gold pieces
  1594 | D:3      | Bought a bardiche for 225 gold pieces
  1594 | D:3      | Bought a glowing glaive for 237 gold pieces
  1626 | D:3      | Found a runed translucent door.
  1627 | D:3      | Noticed Crazy Yiuf
  1678 | D:3      | Reached XP level 6. HP: 51/51 MP: 5/5
  1687 | D:3      | Found a faded altar of an unknown god.
  1960 | D:3      | Identified the staff of fire "Angut" {Drain *Slow rF+
                  | Will+++ Int+8}
  1997 | D:3      | Found a glowing drain.
  2112 | Sewer    | Entered a sewer
  2175 | Sewer    | Reached skill level 6 in Polearms
  2295 | Sewer    | Found a viscous altar of Jiyva.
  2365 | Sewer    | Reached skill level 7 in Armour
  2637 | D:4      | Reached XP level 7. HP: 45/57 MP: 6/6
  2828 | D:4      | Found a staircase to the Ecumenical Temple.
  2943 | Temple   | Entered the Ecumenical Temple
  3131 | Temple   | Became a worshipper of Cheibriados the Contemplative
  3398 | D:4      | Reached skill level 7 in Polearms
  3456 | D:5      | Entered Level 5 of the Dungeon
  3676 | D:5      | Reached skill level 8 in Armour
  3843 | D:5      | Reached * piety under Cheibriados
  3866 | D:5      | Reached skill level 8 in Polearms
  3980 | D:5      | Reached XP level 8. HP: 63/64 MP: 7/7
  4343 | D:5      | Reached skill level 9 in Armour
  4450 | D:6      | Found Vaumitomm's Magic Scroll Shoppe.
  4450 | D:6      | Found Memuimik's Distillery.
  4456 | D:6      | Found Pulare's Weapon Shoppe.
  4459 | D:6      | Bought a scroll of identify for 20 gold pieces
  4459 | D:6      | Bought a scroll of identify for 20 gold pieces
  4459 | D:6      | Bought a scroll of teleportation for 30 gold pieces
  4459 | D:6      | Bought a scroll of fear for 40 gold pieces
  4459 | D:6      | Bought a scroll of fog for 40 gold pieces
  4459 | D:6      | Bought a scroll of magic mapping for 75 gold pieces
  4461 | D:6      | Found Xalligg's General Store.
  4463 | D:6      | Bought a potion of attraction for 45 gold pieces
  4463 | D:6      | Bought a potion of lignification for 45 gold pieces
  4463 | D:6      | Bought a potion of heal wounds for 75 gold pieces
  4505 | D:6      | Reached skill level 9 in Polearms
  4776 | D:6      | Noticed Prince Ribbit
  4793 | D:6      | Killed Prince Ribbit
  4794 | D:6      | Reached skill level 10 in Armour
  4931 | D:6      | Found a hide-covered altar of Uskayaw.
  5050 | D:6      | Noticed a two-headed ogre
  5055 | D:6      | HP: 16/64 [two-headed ogre/+0 giant club (17)]
  5056 | D:6      | Killed a two-headed ogre
  5057 | D:6      | Reached skill level 10 in Polearms
  5057 | D:6      | Reached skill level 11 in Armour
  5057 | D:6      | Reached XP level 9. HP: 18/70 MP: 8/8
  5793 | D:7      | Reached ** piety under Cheibriados
  5832 | D:7      | Reached skill level 11 in Polearms
  5858 | D:7      | Found a flagged portal.
  5873 | Bailey   | Entered a bailey
  5949 | Bailey   | Noticed a kobold demonologist
  5955 | Bailey   | Killed a kobold demonologist
  5956 | Bailey   | Reached skill level 12 in Armour
  6116 | Bailey   | Reached skill level 12 in Polearms
  6158 | Bailey   | Noticed an orc high priest
  6161 | Bailey   | Noticed a sixfirhy
  6167 | Bailey   | Noticed a smoke demon
  6179 | Bailey   | HP: 9/70 [sixfirhy[an orc high priest] (12)]
  6180 | Bailey   | Slain by a sixfirhy

Vanquished Creatures
  A two-headed ogre (D:6)
  A kobold demonologist (Bailey)
  Prince Ribbit (D:6)
  Sigmund (D:2)
  A water moccasin (D:5)
  8 orc warriors
  A sky beast (D:6)
  A black bear (D:6)
  An ogre (D:5)
  A phantom (D:6)
  A bullfrog (D:7)
  A scorpion (D:4)
  5 wights (D:6)
  2 electric eels (Bailey)
  4 jellies
  2 orc priests
  4 hounds
  A sleepcap (D:5)
  3 iguanas
  An orc wizard (D:4)
  11 adders
  6 gnolls
  3 river rats (Sewer)
  A white imp (D:5)
  3 dart slugs
  26 orcs
  3 ball pythons
  11 endoplasms
  8 giant cockroaches
  12 goblins
  10 hobgoblins
  13 jackals
  3 kobolds
  3 quokkas
  2 bats
  3 frilled lizards
  7 rats
166 creatures vanquished.

Vanquished Creatures (others)
  2 fungi (D:3)
  A plant (D:3)
3 creatures vanquished.

Grand Total: 169 creatures vanquished

Table legend:
 A = Non-vault XP
 B = Vault XP
 C = Vault XP percentage of total XP
 D = Non-vault monster count
 E = Vault monster count
 F = Vault count percentage of total count
                 A         B        C        D         E       F
            +---------+---------+-------+---------+---------+-------
      Total |    2948 |    2158 |  42.3 |     118 |      48 |  28.9
            +---------+---------+-------+---------+---------+-------
        D:1 |      28 |       0 |   0.0 |       9 |       0 |   0.0
        D:2 |      53 |     226 |  81.0 |      21 |       1 |   4.5
        D:3 |     143 |       0 |   0.0 |      30 |       0 |   0.0
        D:4 |     212 |       0 |   0.0 |      12 |       0 |   0.0
        D:5 |     766 |       0 |   0.0 |      21 |       0 |   0.0
        D:6 |    1646 |     286 |  14.8 |      20 |       1 |   4.8
        D:7 |     100 |       8 |   7.4 |       5 |       4 |  44.4
      Sewer |       0 |     202 | 100.0 |       0 |      19 | 100.0
     Bailey |       0 |    1436 | 100.0 |       0 |      23 | 100.0
            +---------+---------+-------+---------+---------+-------

Illustrated notes

Table legend:
 A = Kills in this place as a percentage of kills in the entire game.
 B = Kills by you in this place as a percentage of kills by you in the entire game.
 C = Kills by friends in this place as a percentage of kills by friends in the entire game.
 D = Other kills in this place as a percentage of other kills in the entire game.
 E = Experience gained in this place as a percentage of experience gained in the entire game.
 F = Experience gained in this place divided by the number of levels of this place that you have seen.
                   A       B       C       D       E      F
               +-------+-------+-------+-------+-------+----------------------
         Total | 100.0 | 100.0 |   N/A |   N/A | 100.0 | 510.6
       Dungeon |  74.7 |  74.7 |   N/A |   N/A |  67.9 | 495.4
         Sewer |  11.4 |  11.4 |   N/A |   N/A |   4.0 | 202.0
        Bailey |  13.9 |  13.9 |   N/A |   N/A |  28.1 | 1436.0
               +-------+-------+-------+-------+-------+----------------------

Table legend: (Time is in decaauts)
 A = Elapsed time spent in this place.
 B = Non-inter-level travel time spent in this place.
 C = Inter-level travel time spent in this place.
 D = Time resting spent in this place.
 E = Time spent auto-exploring this place.
 F = Levels seen in this place.
 G = Mean time per level.
                   A        B        C        D        E       F      G
               +--------+--------+--------+--------+--------+-----+--------+
         Total |   7071 |   6508 |    563 |      2 |   5402 |  10 |  707.1 |
       Dungeon |   6121 |   5590 |    531 |      2 |   4757 |   7 |  874.4 |
        Temple |    209 |    177 |     32 |      0 |    160 |   1 |  209.0 |
         Sewer |    381 |    381 |      0 |      0 |    256 |   1 |  381.0 |
        Bailey |    358 |    358 |      0 |      0 |    226 |   1 |  358.0 |
               +--------+--------+--------+--------+--------+-----+--------+

Top non-repeatable levels by time:
     D:6: 1607 daAuts
     D:5: 1364 daAuts
     D:2: 870 daAuts
     D:3: 778 daAuts
     D:4: 772 daAuts
     D:1: 592 daAuts
   Sewer: 381 daAuts
  Bailey: 358 daAuts
  Temple: 209 daAuts
     D:7: 135 daAuts
